 Dungeon Crawl Stone Soup version 0.31-a0-1202-ga8fea8b373 (webtiles) character file.

Game seed: 14495785684217486211

191 Inarius the Trooper (level 5, -4/42 HPs)
             Began as a Mummy Fighter on Dec 12, 2023.
             Slain by a gnoll bouda
             ... wielding a +0 club
              (5 damage)
             ... on level 3 of the Dungeon.
             The game lasted 00:06:54 (4078 turns).

Inarius the Trooper (Mummy Fighter)                 Turns: 4078, Time: 00:06:55

Health: -4/42      AC: 11    Str: 21    XL:     5   Next: 42%
Magic:  5/5        EV:  5    Int:  7    God:
Gold:   268        SH:  4    Dex: 12    Spells: 4/4 levels left

rFire   x . .        e - staff of death
rCold   + . .        c - +0 buckler
rNeg    + + +        j - +0 plate armour
rPois   ∞            (no helmet)
rElec   .            (no cloak)
rCorr   .            (no gloves)
SInv    +            (no boots)
Will    .....        (no amulet) Stlth
                     m - ring of see invisible
HPRegen 0.27/turn    (no ring)
MPRegen 0.09/turn

%: faith
@: weakened
A: cold resistance 1, negative energy resistance 3, torment resistance 2, heat
vulnerability 1, in touch with death 1, no potions, faith
a: no special abilities


You were on level 3 of the Dungeon.
You visited 1 branch of the dungeon, and saw 4 of its levels.

You collected 268 gold pieces.

Inventory:

Hand Weapons
 a - a +0 war axe
 i - a +0 whip of electrocution
Armour
 c - a +0 buckler (worn)
 j - a +0 plate armour (worn)
Magical Staves
 e - a staff of death (weapon)
Jewellery
 m - a ring of see invisible (left hand)
Scrolls
 b - 2 scrolls of revelation
 d - a scroll of immolation
 f - a scroll of fog
 g - 2 scrolls of noise
 k - a scroll of poison


   Skills:
 + Level 3.9 Fighting
 - Level 1.7 Axes
 * Level 2.1 Staves
 + Level 3.1 Armour
 + Level 2.8 Shields
 * Level 1.3 Necromancy
 * Level 0.2 Evocations


You had 4 spell levels left.
You didn't know any spells.
Your spell library contained the following spells:

 Spells                   Type           Power      Damage    Failure   Level
 Magic Dart               Conj           0%         1d3       100%        1
 Searing Ray              Conj           0%         2d4       100%        2
 Fulminant Prism          Conj/Hex       0%         3d5       100%        4
 Petrify                  Tmut/Erth      0%         N/A       100%        4
 Irradiate                Conj/Tmut      0%         3d11      100%        5
 Sublimation of Blood     Necr           Unusable   N/A       N/A         2

Dungeon Overview and Level Annotations

Branches:
Dungeon (4/15)
 Temple: D:4-7

Altars:
Dithmenos

Shops:
D:3 !


Innate Abilities, Weirdness & Mutations

You are immune to poison.
Your flesh is cold resistant. (rC+)
You are immune to negative energy. (rN+++)
You are immune to unholy pain and torment.
You are vulnerable to heat. (rF-)
You are in touch with the powers of death.
You do not drink.
You have a special connection with the divine. (Faith)


Message History

You closely miss the gnoll bouda.
The gnoll bouda is moderately wounded.
The gnoll bouda hits you but does no damage.
You hit the gnoll bouda but do no damage.
The gnoll bouda is moderately wounded.
The gnoll bouda hits you but does no damage.
You hit the gnoll bouda.
The gnoll bouda is heavily wounded.
The gnoll bouda gazes fiercely through you!
You feel your attacks grow feeble.
The gnoll bouda hits you but does no damage.
The gnoll bouda hits you with a +0 club.
* * * LOW HITPOINT WARNING * * *
You hit the gnoll bouda but do no damage.
The gnoll bouda is heavily wounded.
The gnoll bouda hits you but does no damage.
You hit the gnoll bouda but do no damage.
The gnoll bouda is heavily wounded.
The gnoll bouda gazes fiercely through you!
You feel as though you will be weak longer.
The gnoll bouda hits you with a +0 club.
* * * LOW HITPOINT WARNING * * *
You hit the gnoll bouda but do no damage.
The gnoll bouda is heavily wounded.
The gnoll bouda hits you but does no damage.
You hit the gnoll bouda but do no damage.
The gnoll bouda is heavily wounded.
The gnoll bouda hits you but does no damage.
You hit the gnoll bouda but do no damage.
The gnoll bouda is heavily wounded.
The gnoll bouda hits you with a +0 club.
* * * LOW HITPOINT WARNING * * *
You hit the gnoll bouda.
The gnoll bouda is heavily wounded.
The gnoll bouda hits you with a +0 club.
* * * LOW HITPOINT WARNING * * *
The air fills with toxic fumes!
As you read the scroll of poison, it crumbles to dust.
The gnoll bouda hits you with a +0 club.
You die...

≈≈♣~~~P.........##..####.##.#.###
♣♣~♣♣~PP......#.##.......##.#.###
~P~~P♣PP........(..########......
PPP~P~♣.P..........#### ##...##
~~.#P~~P.##...........# #...#
P###P~~~~P#..##.....#.# #...# .#
##.~♣~§#..#####)§#.# #...# .#
#~P~P§§§§#####§§#.# #...# .#
#P~~P§P§§§§g@§§§#.######...##
.#####~.~§§§§§#####§#............
....##.P.P§§..#####.#............
###.##...§....#.....#............
# #.##...)....#.############.[...
# #.##.......##.# #...!.
#.###########.# #....≈ #.# #.#
#####....≈ #.# #.# ####.|.#.....


You could see a gnoll bouda.

Vanquished Creatures
  A hound (D:3)
  An adder (D:3)
  9 gnolls
  A worm (D:3)
  A dart slug (D:2)
  8 bats
  6 endoplasms
  5 giant cockroaches
  7 goblins
  6 hobgoblins
  7 kobolds
  A quokka (D:3)
  4 ball pythons
  3 frilled lizards (D:2)
  4 rats
64 creatures vanquished.

Notes
Turn   | Place    | Note
-------+----------+-------------------------------------------
     0 | D:1      | Inarius the Mummy Fighter began the quest for the Orb.
     0 | D:1      | Reached XP level 1. HP: 18/18 MP: 1/1
    49 | D:1      | Reached XP level 2. HP: 14/24 MP: 2/2
   948 | D:1      | Reached XP level 3. HP: 29/29 MP: 3/3
  1527 | D:2      | Found a faded altar of an unknown god.
  2028 | D:3      | Found a shadowy altar of Dithmenos.
  2241 | D:3      | Found Nouxt's Distillery.
  2255 | D:3      | Reached XP level 4. HP: 35/36 MP: 4/4
  2623 | D:3      | Reached skill level 1 in Staves
  2623 | D:3      | Reached skill level 1 in Necromancy
  2671 | D:3      | HP: 1/37 [gnoll/+0 flail (8)]
  3459 | D:3      | Reached XP level 5. HP: 25/42 MP: 5/5
  4077 | D:3      | HP: 1/42 [gnoll bouda/+0 club (3)]
  4078 | D:3      | Slain by a gnoll bouda

Illustrated notes

Levels and vault maps discovered:
D:1:      lemuel_arrival_cross, layout_loops_ring, serial_co_window_serial,
          co_window_paths_a, co_window_paths_b, co_window_paths_b,
          co_window_corner_a, co_window_corner_a, co_window_unsneaky_path_d,
          co_window_paths_c, co_window_of_opportunity_b,
          co_window_unsneaky_path_e, co_window_paths_d, co_window_4corner_a,
          glass_columns_a, serial_bayou_pond_b, nicolae_grassy_gnolls
D:2:      layout_rooms, shapermc_ecumenical_altar_mp_ritualfount
D:3:      layout_loops_cross, mainiacjoe_overflow_small_starburst,
          tso_oasis_becter, serial_shops, nicolae_shop_back_alley_shop,
          eino_tiny_chamber, serial_bayou_lagoon_a
D:4:      layout_basic, nicolae_nh_ransacked_shop

Skill      XL: |  1  2  3  4  5 |
---------------+----------------+-----
Staves         | 1 2 |  2.1
Armour         | 3 |  3.1
Necromancy     | 1 |  1.3
Fighting       | |  3.9
Axes           | |  1.7
Shields        | |  2.8
Evocations     | |  0.2

Action                     |  1- 3 |  4- 6 || total
---------------------------+-------+-------++-------
  Melee: War axe           |    24 |       ||    24
         Staff             |   143 |   178 ||   321
    Use: Scroll            |       |     9 ||     9
 Armour: Scale mail        |    81 |       ||    81
         Plate armour      |    60 |   161 ||   221
  Dodge: Dodged            |    80 |    33 ||   113
  Block: Buckler           |    44 |    36 ||    80

Table legend: (Time is in decaauts)
 A = Elapsed time spent in this place.
 B = Non-inter-level travel time spent in this place.
 C = Inter-level travel time spent in this place.
 D = Time resting spent in this place.
 E = Time spent auto-exploring this place.
 F = Levels seen in this place.
 G = Mean time per level.
                   A        B        C        D        E       F      G
               +--------+--------+--------+--------+--------+-----+--------+
         Total |   4167 |   4008 |    159 |    631 |   2368 |   4 | 1041.8 |
       Dungeon |   4167 |   4008 |    159 |    631 |   2368 |   4 | 1041.8 |
               +--------+--------+--------+--------+--------+-----+--------+

Top non-repeatable levels by time:
     D:3: 1700 daAuts
     D:1: 1329 daAuts
     D:4: 641 daAuts
     D:2: 495 daAuts
